 Dungeon Crawl Stone Soup version 0.23-a0-565-g3e74e4c (webtiles) character file.

14 kr3s1m1r the Firebug (level 2, -1/15 HPs)
             Began as a Deep Elf Fire Elementalist on Dec 13, 2018.
             Slain by a hobgoblin
             ... wielding a cursed -1 club
              (6 damage)
             ... on level 1 of the Dungeon.
             The game lasted 00:00:58 (267 turns).

kr3s1m1r the Firebug (Deep Elf Fire Elementalist)    Turns: 267, Time: 00:00:59

Health: -1/15      AC:  2    Str:  5    XL:     2   Next: 27%
Magic:  0/8        EV: 13    Int: 19    God:
Gold:   25         SH:  0    Dex: 15    Spells: 4/7 levels left

rFire    . . .     SeeInvis .   (no weapon)
rCold    . . .     Gourm    .   (no shield)
rNeg     . . .     Faith    .   a - +0 robe
rPois    .         Spirit   .   (no helmet)
rElec    .         Reflect  .   (no cloak)
rCorr    .         Harm     .   (no gloves)
MR       .....                  (no boots)
Stlth    ++........             (no amulet)
HPRegen  0.05/turn              (no ring)
MPRegen  0.11/turn              (no ring)

@: no status effects
A: no striking features
a: no special abilities


You were on level 1 of the Dungeon.
You were not hungry.

You visited 1 branch of the dungeon, and saw 1 of its levels.

You collected 25 gold pieces.

Inventory:

Armour
 a - a +0 robe (worn)
Scrolls
 f - a scroll of magic mapping {unknown}
Potions
 d - a potion of resistance {unknown}
 e - a potion of curing {unknown}
Comestibles
 b - 3 chunks of flesh
 c - a ration


   Skills:
 - Level 2.4 Dodging
 - Level 2.4 Stealth
 + Level 3.2 Spellcasting
 * Level 1.8 Conjurations
 * Level 3.6 Fire Magic


You had 4 spell levels left.
You knew the following spells:

 Your Spells              Type           Power        Failure   Level  Hunger
u - Throw Flame           Conj/Fire      ##....       8%          2    ##.....
z - Flame Tongue          Conj/Fire      ##...        4%          1    None

Your spell library contained the following spells:

 Spells                   Type           Power        Failure   Level  Hunger
 Conjure Flame            Conj/Fire      ##......     14%         3    ###....
 Inner Flame              Hex/Fire       ##......     22%         3    ###....
 Sticky Flame             Conj/Fire      ##......     43%         4    ####...
 Fireball                 Conj/Fire      ##........   80%         5    ######.


Dungeon Overview and Level Annotations

Branches:
Dungeon (1/15)

Altars:


Message History

The hobgoblin completely misses you.
Your magical contamination has completely faded away.
There is a stone staircase leading down here.
The hobgoblin hits you with a +0 club. The giant cockroach bites you.
The bat barely misses you. The bat hits you but does no damage.
You miss the bat. The bat closely misses you.
The hobgoblin hits you with a +0 club.
Casting: Flame Tongue (safe; 4% risk of failure)
Confirm with . or Enter, or press ? or * to list all spells.
Aiming: Flame Tongue (safe; 4% risk of failure)
Press: ? - help, Shift-Dir - straight line, f/p - hobgoblin
Aim: a hobgoblin, wielding a +0 club (fast)
The flame tongue hits the hobgoblin.
The hobgoblin is severely wounded.
* * * LOW MAGIC WARNING * * *
The bat barely misses you. The giant cockroach bites you.
The hobgoblin hits you with a +0 club.
The hobgoblin hits you with a cursed -1 club.
You die...

. .# .. ########.##...
##...................
##....................
#(...................#.
#.÷..........(.......#.
#†#..b@g.............#.
#<#...sg.............#.
#'#..................#.
#(.......>...........#.
#.....................#
#...........##.........
#..........>.....##.#.)
#...........#######.#.#
#####.##.##.# #...#


You could see a giant cockroach, 2 hobgoblins and a bat.

Vanquished Creatures
  A ball python (D:1)
  A giant cockroach (D:1)
  A goblin (D:1)
  A hobgoblin (D:1)
  2 jackals (D:1)
  2 kobolds (D:1)
  A frilled lizard (D:1)
  3 rats (D:1)
12 creatures vanquished.

Notes
Turn   | Place    | Note
-------+----------+-------------------------------------------
     0 | D:1      | kr3s1m1r the Deep Elf Fire Elementalist began the quest for
                  | the Orb.
     0 | D:1      | Reached XP level 1. HP: 10/10 MP: 6/6
    60 | D:1      | Reached XP level 2. HP: 10/15 MP: 0/8
   139 | D:1      | Learned a level 2 spell: Throw Flame
   267 | D:1      | Slain by a hobgoblin

Vault maps used:
D:1:      dpeg_arrival_tiny_c

Action                   || total
-------------------------++-------
Melee: Unarmed           ||    10
 Cast: Flame Tongue      ||    17
       Throw Flame       ||     4
Armor: Robe              ||     4
Dodge: Dodged            ||    16

Table legend:
 A = Non-vault XP
 B = Vault XP
 C = Vault XP percentage of total XP
 D = Non-vault monster count
 E = Vault monster count
 F = Vault count percentage of total count
                 A         B        C        D         E       F
            +---------+---------+-------+---------+---------+-------
      Total |      20 |       0 |   0.0 |      12 |       0 |   0.0
            +---------+---------+-------+---------+---------+-------
        D:1 |      20 |       0 |   0.0 |      12 |       0 |   0.0
            +---------+---------+-------+---------+---------+-------
